 Dungeon Crawl Stone Soup version 0.20-a0-850-ge5a7832 (webtiles) character file.

544 nubinia the Sneak (level 7, -1/42 HPs)
             Began as an Octopode Fire Elementalist on Mar 10, 2017.
             Was a Priest of Zin.
             Slain by a worker ant (8 damage)
             ... on level 5 of the Dungeon.
             The game lasted 00:18:42 (4702 turns).

nubinia the Sneak (Octopode Fire Elementalist)      Turns: 4702, Time: 00:18:43

Health: -1/42      AC:  1    Str:  8    XL:     7   Next: 27%
Magic:  17/21      EV: 13    Int: 24    God:    Zin [***...]
Gold:   294        SH:  3    Dex: 12    Spells: 6/13 levels left

rFire    + . .     SeeInvis .   w - +2 hand axe (chop)
rCold    . . .     Gourm    .   q - +0 buckler
rNeg     . . .     Faith    .   (helmet restricted)
rPois    .         Spirit   .   (no amulet)
rElec    .         Reflect  .   l - ring of magical power
rCorr    .         Harm     .   n - ring of protection from fire
MR       .....                  (no ring)
Stlth    ++++......             (no ring)
Regen    0.2/turn               (no ring)
MPRegen  0.2/turn               (no ring)
                                (no ring)
                                (no ring)

@: brilliant, short of breath
A: almost no armour, stealthy swim, amphibious, 8 rings, constrict 8, camouflage
1, gelatinous body 1
a: Recite, Vitalisation, Imprison, Donate Gold, Renounce Religion


You were on level 5 of the Dungeon.
You worshipped Zin.
Zin was most pleased with you.
You were hungry.

You visited 1 branch of the dungeon, and saw 5 of its levels.

You collected 326 gold pieces.
You donated 32 gold pieces to Zin.

Inventory:

Hand Weapons
 w - a +2 hand axe of chopping (weapon)
Missiles
 f - 63 poisoned needles
Armour
 q - a +0 buckler (worn)
Jewellery
 l - a ring of magical power (left tentacle)
 n - a ring of protection from fire (right tentacle)
Wands
 r - a wand of lightning (8/15)
Scrolls
 e - 2 scrolls of amnesia
 h - a scroll of noise {unknown}
 i - a scroll of teleportation {unknown}
 j - a scroll of fear {unknown}
 o - a scroll of recharging {unknown}
 s - a scroll of immolation {unknown}
 t - 3 scrolls of identify
 u - a scroll of enchant weapon {unknown}
 v - a scroll of remove curse
Books
 a - a book of Flames

   Spells                             Type                      Level
   a - Flame Tongue                   Conjuration/Fire             1
   b - Throw Flame                    Conjuration/Fire             2
   c - Conjure Flame                  Conjuration/Fire             3
   d - Inner Flame                    Hexes/Fire                   3
   e - Sticky Flame                   Conjuration/Fire             4
   f - Fireball                       Conjuration/Fire             5
 p - a book of Minor Magic

   Spells                             Type                      Level
   a - Magic Dart                     Conjuration                  1
   b - Blink                          Translocation                2
   c - Call Imp                       Summoning                    2
   d - Slow                           Hexes                        2
   e - Conjure Flame                  Conjuration/Fire             3
   f - Mephitic Cloud                 Conjuration/Poison/Air       3
Comestibles
 b - 6 bread rations
 d - a meat ration
 g - 8 fruits
 k - 2 royal jellies


   Skills:
 + Level 0.8 Fighting
 + Level 1.0 Axes
 + Level 2.6 Dodging
 + Level 4.7 Stealth
 + Level 0.4 Shields
 + Level 0.4 Unarmed Combat
 + Level 3.7 Spellcasting
 * Level 3.8 Conjurations
 + Level 4.3 Fire Magic
 + Level 1.3 Invocations


You had 6 spell levels left.
You knew the following spells:

 Your Spells              Type           Power        Failure   Level  Hunger
a - Flame Tongue          Conj/Fire      #####        1%          1    None
b - Throw Flame           Conj/Fire      #####.       1%          2    #......
c - Magic Dart            Conj           ####         1%          1    None
d - Conjure Flame         Conj/Fire      #####...     1%          3    ##.....


Dungeon Overview and Level Annotations

Branches:
Dungeon (5/15)
 Temple: D:4-7

Altars:
Uskayaw
Zin

Annotations:
D:5 exclusion: centaur, Prince Ribbit


Innate Abilities, Weirdness & Mutations

You cannot wear most types of armour.
You are very stealthy in the water. (Stealth+)
You are amphibious.
You can wear up to eight rings at the same time.
You can use your tentacles to constrict eight enemies at once.
Your skin changes colour to match your surroundings (Stealth+).
Your rubbery body absorbs attacks. (AC +1, EV +1)


Message History

Your Axes skill increases to level 1!
Prince Ribbit blinks!
You see here an arrow.
The worker ant waves its antennae.
The worker ant barely misses you. The worker ant closely misses you.
Prince Ribbit blinks!
The sentinel's mark upon you fades away.
You block the worker ant's attack.
Prince Ribbit hops awkwardly around.
Prince Ribbit blinks!
The worker ant waves its antennae.
Prince Ribbit lets out a mournful croak.
You are feeling hungry.
The worker ant closely misses you. Prince Ribbit hits you!
There is a stone staircase leading up here.
Prince Ribbit hits you!
* * * LOW HITPOINT WARNING * * *
The worker ant bites you!
You die...

## .# ##### ######## .##
########.... ....... ..#
#........######.....# ##.
.(####.........(..##...#.##...
#(.............a............#
(..#.......#..YF@......[....##
..................#..........##.
...#..............#.............
.#..###>#..##.###..!.........#
###..##.##.##..###...........#
##.##.##.....####..........#
#.##.#####.....##........##
#.##.# ####............# #..#.#
#..#............


You could see Prince Ribbit, a sky beast and a worker ant.

Vanquished Creatures
  A centaur (D:5)
  A crimson imp (D:5)
  A gnoll shaman (D:4)
  3 hounds
  Ijyb (D:2)
  A bullfrog skeleton (D:5)
  An orc wizard (D:4)
  A worker ant (D:4)
  A hound zombie (D:5)
  4 gnolls (D:4)
  6 adders
  5 worms
  A dart slug (D:2)
  6 leopard geckos
  9 orcs
  9 hobgoblins
  5 jackals
  5 kobolds
  2 quokkas (D:2)
  A ball python (D:3)
  7 bats
  6 frilled lizards
  2 goblins (D:3)
  4 rats
83 creatures vanquished.

Notes
Turn   | Place    | Note
-------+----------+-------------------------------------------
     0 | D:1      | nubinia the Octopode Fire Elementalist began the quest for the Orb.
     0 | D:1      | Reached XP level 1. HP: 11/11 MP: 3/3
   380 | D:1      | Reached XP level 2. HP: 17/17 MP: 5/5
   384 | D:1      | Learned a level 2 spell: Throw Flame
   448 | D:1      | You fall through a shaft!
   449 | D:2      | Noticed Ijyb
   464 | D:2      | Killed Ijyb
   464 | D:2      | Reached XP level 3. HP: 21/21 MP: 0/6
  1383 | D:2      | Reached XP level 4. HP: 27/27 MP: 7/7
  1611 | D:2      | Found a glowing silver altar of Zin.
  1699 | D:2      | Became a worshipper of Zin the Law-Giver
  1699 | D:2      | Reached * piety under Zin
  2110 | D:3      | Learned a level 1 spell: Magic Dart
  2596 | D:3      | Reached ** piety under Zin
  2873 | D:3      | Reached XP level 5. HP: 28/31 MP: 9/9
  3423 | D:4      | Learned a level 3 spell: Conjure Flame
  3524 | D:4      | Found a hide-covered altar of Uskayaw.
  3551 | D:4      | Reached XP level 6. HP: 20/37 MP: 6/10
  4448 | D:5      | Entered Level 5 of the Dungeon
  4496 | D:5      | Reached *** piety under Zin
  4512 | D:5      | Reached skill level 1 in Invocations
  4512 | D:5      | Reached XP level 7. HP: 42/42 MP: 12/12
  4557 | D:5      | Noticed Prince Ribbit
  4684 | D:5      | Reached skill level 1 in Axes
  4702 | D:5      | Slain by a worker ant

Vault maps used:
D:1:      mainiacjoe_arrival_reflecting_pool
D:2:      zin_academy, minmay_pentomino_u2, uniq_iyjb
D:3:      kennysheep_potato
D:4:      old_standard_altar, first_bread
D:5:      minmay_splitting_lines, abandoned_shop, minmay_misc_feat_pillars,
          wad_rectangle_vault, uniq_prince_ribbit1

Skill      XL: |  1  2  3  4  5  6  7 |
---------------+----------------------+-----
Stealth        | 3 4 |  4.7
Conjurations   | 2 3 |  3.8
Fire Magic     | 4 |  4.3
Spellcasting   | 3 |  3.7
Invocations    | 1 |  1.3
Axes           | 1 |  1.0
Fighting       | |  0.8
Dodging        | |  2.6
Shields        | |  0.4
Unarmed Combat | |  0.4

Action                   |  1- 3 |  4- 6 |  7- 9 || total
-------------------------+-------+-------+-------++-------
Melee: Unarmed           |    37 |    76 |       ||   113
       Constrict         |     6 |    31 |     1 ||    38
       Tentacles         |     8 |    13 |     2 ||    23
       Hand axe          |       |    26 |     3 ||    29
 Cast: Flame Tongue      |    20 |    58 |       ||    78
       Throw Flame       |     3 |    42 |     4 ||    49
Invok: Recite            |       |     8 |     2 ||    10
  Use: Scroll            |     2 |     2 |       ||     4
       Potion            |       |     3 |     1 ||     4
 Stab: Sleeping          |     3 |     9 |     1 ||    13
  Eat: Chunk             |     2 |    12 |       ||    14
Armor: Skin              |    10 |     9 |       ||    19
Dodge: Dodged            |    27 |    71 |     4 ||   102
Block: Buckler           |       |    13 |     4 ||    17
